 Dungeon Crawl Stone Soup version 0.22-a0-512-g0943f25 (webtiles) character file.

163 Gildenfire the Covered (level 5, 0/33 HPs)
             Began as a Tengu Fighter on June 18, 2018.
             Slain by Robin
             ... wielding a +0 trident
              (6 damage)
             ... on level 3 of the Dungeon.
             The game lasted 00:11:16 (1864 turns).

Gildenfire the Covered (Tengu Fighter)              Turns: 1864, Time: 00:11:17

Health: 0/33       AC: 10    Str: 18    XL:     5   Next: 44%
Magic:  6/6        EV: 10    Int:  8    God:
Gold:   254        SH: 11    Dex: 18    Spells: 4/4 levels left

rFire    . . .     SeeInvis .   a - +0 flail
rCold    . . .     Gourm    .   c - +1 shield
rNeg     . . .     Faith    .   g - +0 chain mail
rPois    .         Spirit   .   (helmet restricted)
rElec    .         Reflect  .   (no cloak)
rCorr    .         Harm     .   p - +0 pair of gloves
MR       .....                  (boots unavailable)
Stlth    ..........             (no amulet)
HPRegen  0.11/turn              (no ring)
MPRegen  0.10/turn              (no ring)

@: agile
A: beak, talons 3, able to fly 1
a: Fly


You were on level 3 of the Dungeon.
You were not hungry.

You visited 1 branch of the dungeon, and saw 3 of its levels.

You collected 254 gold pieces.

Inventory:

Hand Weapons
 a - a +0 flail (weapon)
Armour
 c - a +1 shield (worn)
 g - a +0 chain mail (worn)
 p - a +0 pair of gloves (worn)
Wands
 k - a wand of acid (5)
Scrolls
 i - 2 scrolls of remove curse
 l - 2 scrolls of teleportation
 m - a scroll of blinking {unknown}
 n - a scroll of magic mapping {unknown}
 o - a scroll of immolation {unknown}
 q - a scroll of identify
Potions
 d - a potion of might
 j - 3 potions of brilliance {unknown}
Comestibles
 f - 2 rations


   Skills:
 * Level 3.6 Fighting
 * Level 3.9 Maces & Flails
 * Level 4.2 Armour
 * Level 3.9 Shields


You had 4 spell levels left.
You didn't know any spells.
Your spell library was empty.

Dungeon Overview and Level Annotations

Branches:
Dungeon (3/15)

Altars:
Gozag

Annotations:
D:3 Robin


Innate Abilities, Weirdness & Mutations

You have a beak for a mouth.
You have claws for feet.
You can fly.


Message History

Robin barely misses you.
All of the chunks of flesh in your inventory have rotted away.
It was a potion of agility.
You feel agile all of a sudden. You block the hobgoblin's attack.
It was a potion of curing.
You feel better.
Robin hits you from afar with a trident.
* * * LOW HITPOINT WARNING * * *
You block the hobgoblin's attack.
You closely miss the hobgoblin. Your kick misses the hobgoblin.
The hobgoblin is moderately wounded.
You block Robin's attack. The hobgoblin hits you with a club.
* * * LOW HITPOINT WARNING * * *
You sock the hobgoblin!
You kill the hobgoblin!
Robin hits you but does no damage. Robin barely misses you.
Items here: % ( )) a club; a hunting sling; 21 stones; 3 chunks of flesh Robin hits you from afar with a trident.
You die...

.............[......
########.....##......###
#............#########
#............#
#............#
#............#
.............#
#######.################
#@# #......... #.#
#.######## #g#
#.#....... #.#
#.#.##.... #.#
#.#....... #.#
#.#....... #)#
#.....>... #)#
###......< #)# #.......


You could see Robin.

Vanquished Creatures
  Jessica (D:3)
  A worker ant zombie (D:3)
  An adder (D:2)
  An ooze (D:3)
  A worm (D:2)
  3 dart slugs
  4 leopard geckos
  7 orcs (D:3)
  11 bats
  3 giant cockroaches
  14 goblins
  14 hobgoblins
  4 jackals
  A ball python (D:3)
  4 frilled lizards (D:1)
  10 kobolds
  3 rats
83 creatures vanquished.

Notes
Turn   | Place    | Note
-------+----------+-------------------------------------------
     0 | D:1      | Gildenfire the Tengu Fighter began the quest for the Orb.
     0 | D:1      | Reached XP level 1. HP: 14/14 MP: 2/2
    68 | D:1      | Reached XP level 2. HP: 16/19 MP: 3/3
   263 | D:1      | Reached XP level 3. HP: 6/23 MP: 4/4
   977 | D:2      | Reached XP level 4. HP: 24/28 MP: 5/5
  1453 | D:3      | Reached skill level 4 in Armour
  1500 | D:3      | Noticed Jessica
  1517 | D:3      | Killed Jessica
  1517 | D:3      | Gained mutation: You can fly. [Tengu growth]
  1517 | D:3      | Reached XP level 5. HP: 32/32 MP: 6/6
  1572 | D:3      | Found an opulent altar of Gozag.
  1832 | D:3      | Noticed Robin
  1864 | D:3      | Slain by Robin

Vault maps used:
D:1:      ncdulo_watergridlock, minmay_nonomino_d4
D:3:      grunt_gozag_statues, uniq_robin, uniq_jessica

Skill      XL: |  1  2  3  4 |
---------------+-------------+-----
Maces & Flails | 3 |  3.9
Armour         | 4 |  4.2
Fighting       | |  3.6
Shields        | |  3.9

Action                   |  1- 3 |  4- 6 || total
-------------------------+-------+-------++-------
Melee: Flail             |    99 |    78 ||   177
       Kick              |    24 |    18 ||    42
       Peck              |    12 |    12 ||    24
Evoke: Wand              |       |     1 ||     1
  Use: Scroll            |     1 |     4 ||     5
       Potion            |       |     2 ||     2
  Eat: Chunk             |       |     3 ||     3
Armor: Scale mail        |    32 |       ||    32
       Chain mail        |    33 |    45 ||    78
Dodge: Dodged            |    18 |    13 ||    31
Block: Shield            |    60 |    44 ||   104

Table legend:
 A = Spawn XP
 B = Non-spawn XP
 C = Spawn XP percentage of total XP
 D = Spawn monster count
 E = Non-spawn monster count
 F = Spawn count percentage of total count
 G = Total turns spent on level
                    A         B        C        D         E        F      G
               +---------+---------+-------+---------+---------+-------+---------
         Total |       0 |     234 |   0.0 |       0 |      83 |   0.0 |  1864
               +---------+---------+-------+---------+---------+-------+---------
           D:1 |       0 |      55 |   0.0 |       0 |      31 |   0.0 |   651
           D:2 |       0 |      51 |   0.0 |       0 |      18 |   0.0 |   722
           D:3 |       0 |     128 |   0.0 |       0 |      34 |   0.0 |   491
               +---------+---------+-------+---------+---------+-------+---------
